 Dungeon Crawl Stone Soup version 0.25-a0-403-g49d089a364 (webtiles) character file.

Game seed: 4944137573487473897, levelgen mode: deterministic

531016 MrRokkomies the Warrior (level 24, -18/204 HPs)
             Began as a Vampire Enchanter on Jan 7, 2020.
             Was an Initiate of Gozag.
             Demolished by a titan (38 damage)
             ... on level 3 of the Depths on Jan 9, 2020.
             The game lasted 05:36:01 (65588 turns).

MrRokkomies the Warrior (Vampire Enchanter)        Turns: 65588, Time: 05:36:01

Health: -18/204    AC: 31    Str: 10    XL:     24   Next: 96%
Magic:  32/39      EV: 21    Int: 27    God:    Gozag
Gold:   9189       SH:  8    Dex: 18    Spells: 7/48 levels left

rFire    + . .     SeeInvis +   a - +8 arc blade {discharge, rElec}
rCold    + + .     Gourm    .   B - +3 buckler {AC+3}
rNeg     . . .     Faith    .   Z - quicksilver dragon scales
rPois    +         Spirit   .   K - +5 helmet "Ocemot" {+Inv rPois rF- rC+++}
rElec    +         Reflect  .   Y - +2 cloak "Gouzohar" {rPois}
rCorr    .         Harm     .   T - +2 pair of gloves {Dex+3}
MR       +++++                  I - +2 pair of boots of Limitation {MR+}
Stlth    +++.......             N - amulet of Tytrut {Acrobat rElec rC- MR+++ Int+2}
HPRegen  0.64/turn              W - ring of protection from fire
MPRegen  0.26/turn              M - ring of protection from fire

@: silence, liquefying, gold aura, regenerating quickly, lightly drained
A: no food, fangs 3, see invisible, unbreathing
}: 2/15 runes: barnacled, gossamer
a: Exsanguinate, Renounce Religion, Evoke Invisibility


You were on level 3 of the Depths.
You worshipped Gozag.
Gozag was greatly pleased with you.
You were alive.

You visited 10 branches of the dungeon, and saw 45 of its levels.
You also visited: Bailey, Gauntlet and Ice Cave.

You collected 28809 gold pieces.
You spent 6677 gold pieces at shops.
You paid 12943 gold pieces to Gozag.

Inventory:

Hand Weapons
 a - the +8 arc blade (weapon) {discharge, rElec}
   (You took it off a minotaur in a Gauntlet)

   It insulates you from electricity.
 b - a +9 quick blade of piercing
Missiles
 m - 164 poisoned darts (quivered)
 G - 11 throwing nets
 P - 5 curare-tipped darts
Armour
 B - a +3 buckler of protection (worn)
 I - the +2 pair of boots of Limitation (worn) {MR+}
   (You found it in a Gauntlet)

   It affects your resistance to hostile enchantments.
 K - the +5 helmet "Ocemot" (worn) {+Inv rPois rF- rC+++}
   (You bought it in a shop on level 1 of the Lair of Beasts)

   It makes you vulnerable to fire.
   It renders you almost immune to cold.
   It protects you from poison.
   It lets you turn invisible.
 T - a +2 pair of gloves of dexterity (worn)
 Y - the +2 cloak "Gouzohar" (worn) {rPois}
   (You found it in a Gauntlet)

   It protects you from poison.
 Z - quicksilver dragon scales (worn)
Jewellery
 M - a ring of protection from fire (right hand)
 N - the amulet of Tytrut (around neck) {Acrobat rElec rC- MR+++ Int+2}
   (You acquired it on level 1 of the Vaults)

   [amulet of the acrobat]

   It helps you evade while moving and waiting.
   It affects your intelligence (+2).
   It makes you vulnerable to cold.
   It insulates you from electricity.
   It affects your resistance to hostile enchantments.
 R - an uncursed ring of positive energy
 W - a ring of protection from fire (left hand)
Wands
 f - a wand of disintegration (36)
 u - a wand of paralysis (38)
 v - a wand of polymorph (22)
 z - a wand of enslavement (41)
 D - a wand of iceblast (43)
 L - a wand of flame (49)
 U - a wand of digging (5)
 V - a wand of clouds (7)
Scrolls
 d - 19 scrolls of teleportation
 g - 26 scrolls of identify
 j - 7 scrolls of enchant armour
 k - 10 scrolls of fear
 o - 24 scrolls of remove curse
 p - 4 scrolls of fog
 t - 9 scrolls of blinking
 E - 3 scrolls of magic mapping
 S - 3 scrolls of summoning
 X - 6 scrolls of immolation
Potions
 c - 17 potions of curing
 e - 5 potions of ambrosia
 i - 7 potions of haste
 l - 4 potions of heal wounds
 n - a potion of brilliance
 r - 2 potions of magic
 s - 3 potions of berserk rage
 w - 2 potions of flight
 x - 2 potions of resistance
 A - 7 potions of agility
 C - 3 potions of might
 F - a potion of invisibility
 J - 2 potions of cancellation
Miscellaneous
 h - a phantom mirror
 q - a fan of gales (inert)
 y - a lamp of fire
 H - 2 boxes of beasts
 O - a lightning rod (4/4)
 Q - a phial of floods


   Skills:
 - Level 20.0(19.8) Fighting
 - Level 14.0(13.9) Short Blades
 + Level 7.1(7.0) Armour
 + Level 15.6(15.5) Dodging
 - Level 10.0(9.9) Stealth
 - Level 4.2(4.1) Shields
 * Level 12.9(12.8) Spellcasting
 - Level 15.0(14.9) Conjurations
 - Level 20.0(19.9) Hexes
 * Level 2.5(2.4) Summonings
 - Level 5.0(4.9) Translocations
 - Level 5.0(4.9) Air Magic
 - Level 12.2(12.1) Earth Magic
 - Level 12.0(11.9) Evocations


You had 7 spell levels left.
You knew the following spells:

 Your Spells              Type           Power        Failure   Level  Hunger
a - Leda's Liquefaction   Hex/Erth       #######...   1%          4    N/A
b - Discord               Hex            #######...   14%         8    N/A
c - Tukima's Dance        Hex            #######.     0%          3    N/A
d - Dazzling Flash        Conj/Hex       ######       1%          3    N/A
e - Blink                 Tloc           N/A          1%          2    N/A
f - Iskenderun's Mystic   Conj/Tloc      ######..     1%          4    N/A
g - Silence               Hex/Air        ######....   1%          5    N/A
h - Iron Shot             Conj/Erth      ######....   4%          6    N/A
i - Summon Butterflies    Summ           ####....     2%          1    N/A
j - Lee's Rapid Deconstr  Erth           ######....   1%          5    N/A

Your spell library contained the following spells:

 Spells                   Type           Power        Failure   Level  Hunger
 Corona                   Hex            #######      0%          1    N/A
 Magic Dart               Conj           ####         0%          1    N/A
 Slow                     Hex            #######.     0%          2    N/A
 Confuse                  Hex            #######.     0%          3    N/A
 Apportation              Tloc           #####.       1%          1    N/A
 Foxfire                  Conj/Fire      ####         1%          1    N/A
 Sandblast                Erth           ######       1%          1    N/A
 Shock                    Conj/Air       ####         1%          1    N/A
 Ensorcelled Hibernation  Hex/Ice        ######       1%          2    N/A
 Passwall                 Tmut/Erth      #####...     1%          2    N/A
 Searing Ray              Conj           ######       1%          2    N/A
 Conjure Flame            Conj/Fire      ######..     1%          3    N/A
 Inner Flame              Hex/Fire       ######..     1%          3    N/A
 Mephitic Cloud           Conj/Pois/Air  ######..     1%          3    N/A
 Portal Projectile        Hex/Tloc       ######       1%          3    N/A
 Spectral Weapon          Hex/Chrm       ######..     1%          3    N/A
 Stone Arrow              Conj/Erth      ######       1%          3    N/A
 Summon Guardian Golem    Hex/Summ       ######..     1%          3    N/A
 Cause Fear               Hex            #######...   1%          4    N/A
 Fulminant Prism          Conj/Hex       #######...   1%          4    N/A
 Summon Mana Viper        Hex/Summ       ######..     1%          5    N/A
 Invisibility             Hex            #######.     1%          6    N/A
 Summon Small Mammal      Summ           ####         2%          1    N/A
 Lesser Beckoning         Tloc           #####.....   3%          3    N/A
 Teleport Other           Tloc           #####...     3%          3    N/A
 Hailstorm                Conj/Ice       ######..     3%          4    N/A
 Sticky Flame             Conj/Fire      ######..     3%          4    N/A
 Lightning Bolt           Conj/Air       ######....   3%          5    N/A
 Yara's Violent Unravell  Hex/Tmut       ######....   3%          5    N/A
 Call Imp                 Summ           ####....     4%          2    N/A
 Corpse Rot               Necr/Air       N/A          4%          2    N/A
 Poisonous Vapours        Pois/Air       ####..       4%          2    N/A
 Shroud of Golubria       Chrm/Tloc      ####..       4%          2    N/A
 Recall                   Summ/Tloc      N/A          4%          3    N/A
 Bolt of Magma            Conj/Fire/Erth ######....   4%          5    N/A
 Petrify                  Tmut/Erth      #####...     6%          4    N/A
 Animate Skeleton         Necr           N/A          8%          1    N/A
 Freeze                   Ice            ###.         8%          1    N/A
 Infusion                 Chrm           ###.         8%          1    N/A
 Pain                     Necr           ###.         8%          1    N/A
 Sting                    Tmut/Pois      ###.         8%          1    N/A
 Call Canine Familiar     Summ           ####....     8%          3    N/A
 Fireball                 Conj/Fire      ######....   10%         5    N/A
 Irradiate                Conj/Tmut      ######....   10%         5    N/A
 Iskenderun's Battlesphe  Conj/Chrm      ######..     10%         5    N/A
 Song of Slaying          Chrm           ###.....     11%         2    N/A
 Sticks to Snakes         Tmut           ###.....     11%         2    N/A
 Sublimation of Blood     Necr           ###.......   11%         2    N/A
 Orb of Destruction       Conj           #######...   14%         7    N/A
 Summon Lightning Spire   Summ/Air       #####...     16%         4    N/A
 Borgnjor's Vile Clutch   Necr/Erth      #####.....   17%         5    N/A
 Conjure Ball Lightning   Conj/Air       ######....   19%         6    N/A
 Ignite Poison            Fire/Tmut/Pois ###.....     22%         3    N/A
 Ozocubu's Armour         Chrm/Ice       ###.....     22%         3    N/A
 Spider Form              Tmut/Pois      ###.......   22%         3    N/A
 Vampiric Draining        Necr           ###.......   22%         3    N/A
 Summon Ice Beast         Ice/Summ       ###.....     41%         4    N/A
 Summon Forest            Summ/Tloc      #####.....   41%         5    N/A
 Starburst                Conj/Fire      ######....   47%         6    N/A
 Animate Dead             Necr           N/A          58%         4    N/A
 Ice Form                 Ice/Tmut       ###.....     58%         4    N/A
 Freezing Cloud           Conj/Ice/Air   ######....   58%         6    N/A
 Statue Form              Tmut/Erth      #####....    67%         6    N/A
 Spellforged Servitor     Conj/Summ      ######....   87%         7    N/A
 Agony                    Necr           ###.....     90%         5    N/A
 Alistair's Intoxication  Tmut/Pois      ###.....     90%         5    N/A
 Blade Hands              Tmut           ###.......   90%         5    N/A
 Deflect Missiles         Chrm/Air       ####......   99%         6    N/A
 Death Channel            Necr           ###.......   100%        6    N/A
 Eringya's Noxious Bog    Tmut/Pois      ###.......   100%        6    N/A
 Hydra Form               Tmut           ###.......   100%        6    N/A
 Simulacrum               Ice/Necr       ###.......   100%        6    N/A
 Malign Gateway           Summ/Tloc      #####.....   100%        7    N/A
 Monstrous Menagerie      Summ           ####......   100%        7    N/A
 Ring of Flames           Chrm/Fire      ###.......   100%        7    N/A
 Summon Greater Demon     Summ           ####......   100%        7    N/A
 Summon Hydra             Summ           ####......   100%        7    N/A
 Ignition                 Fire           ###.......   100%        8    N/A
 Infestation              Necr           ###.......   100%        8    N/A
 Summon Horrible Things   Summ           ####......   100%        8    N/A
 Shatter                  Erth           ######....   100%        9    N/A
 Tornado                  Air            #####.....   100%        9    N/A

Dungeon Overview and Level Annotations

Branches:
Dungeon (15/15)            Temple (1/1) D:5            Lair (6/6) D:8
 Shoals (4/4) Lair:3       Spider (4/4) Lair:2        Slime (0/5) Lair:6
    Orc (2/2) D:10            Elf (3/3) Orc:2        Vaults (4/5) D:14
  Crypt (3/3) Vaults:2       Tomb (0/3) Crypt:3      Depths (3/5) D:15
 Bailey (visited)           IceCv (visited)         Gauntlet (visited)

Altars:
Ashenzari
Cheibriados
Dithmenos
Elyvilon
Fedhas
Gozag
Hepliaklqana
Kikubaaqudgha
Makhleb
Nemelex Xobeh
Okawaru
Qazlal
Ru
Sif Muna
Trog
Uskayaw
Vehumet
Wu Jian
Xom
Yredelemnul
Zin
The Shining One
Beogh

Shops:
D:5 [   D:6 }   D:10 :([   D:13 *   Orc:1 =   Orc:2 :(%}   Elf:1 (   Elf:3 *!!
Lair:1 [   Spider:3 =   Vaults:1 [*?   Vaults:2 (   Vaults:3 [   Vaults:4 :!

Portals:
Hell: Depths:1 Depths:2 Depths:3
Pandemonium: Depths:3
Ziggurat: Depths:2

Annotations:
D:4 3 runed translucent doors, Essalna's ghost, novice GnFE
D:7 3 runed translucent doors
D:8 exclusion: obsidian statue
D:14 2 transporters, Gecro's ghost, journeyman HONe
Shoals:3 3 runed translucent doors, Ydant's ghost, adept MiBe
Elf:2 4 runed translucent doors
Depths:1 2 transporters, Valentain's ghost, adept DsGl


Innate Abilities, Weirdness & Mutations

You do not eat.
Your natural rate of healing is unusually fast.
You have razor-sharp teeth.
You have supernaturally acute eyesight. (SInv)
You can survive without breathing.


Message History

The tengu reaver barely misses you. The sphinx completely misses you.
The sphinx closely misses you. The sphinx misses you.
The titan becomes momentarily stuck in the liquid earth.
Unknown command.
Unknown command.
You puncture the yaktaur! Your bite misses the yaktaur.
The yaktaur is lightly wounded.
The white very ugly thing claws you!
* * * LOW HITPOINT WARNING * * *
The white very ugly thing freezes you! You resist.
* * * LOW HITPOINT WARNING * * *
The sphinx hits you!
* * * LOW HITPOINT WARNING * * *
You block the sphinx's attack. The sphinx hits you but does no damage.
Unknown command.
Evoke which item? (* to show all) (? for menu, Esc to quit)
A fierce wind blows from the fan.
The monsters around you are blown away! The titan hits you!!!
You die...
Your body crumbles into a pile of gold. ..+#.#'...# #.###..# '#.#'...V#. .≈ #..#.)#' $$$$$

.#'§.)c..##Q≈ #......# ≈≈
#'..<..R ..$ #.#.#.##
#≈##.....#+#'## ##'#'##.
##########≈$.c..###.#.####.#.#.#.
#.......##§%....+#......#....[.#.
#....>..##≈[##$$#..⌠P>.#+#..#..#.
#...>.>.##≈?..#H@#.P8P..#...#..#.
##......##≈(..#.#C.>P⌠.#'#..#..#.
#...#..##§?$u$$##......#......##
##.....##≈≈≈≈≈≈##.#.#..#######+#
#.#.#.###########'#(##.'...###.
#.....# ########.#.#.#'#.#.#.#.
##..#..## .....#....(.#.†.##..#.
##......##. #..#'#.....#.##[##.#.
#...#.#.##.###..#.)###.#..##...#.


You could see a white very ugly thing, a sphinx, a tengu reaver, a yaktaur and a
neutral titan (wandering).

Vanquished Creatures
  Khufu (Crypt:2)
  An ancient lich (Crypt:3)
  A juggernaut (Depths:2)
  2 greater mummies (Crypt:2)
  Boris (thrice) (Vaults:4 Crypt:1 Crypt:3)
  Saint Roka (Orc:2)
  Bai Suzhen (Shoals:4)
  Frederick (Vaults:3)
  Arachne (Spider:2)
  A bone dragon (Crypt:3)
  2 Ice Fiends (IceCv)
  A tentacled monstrosity (Depths:3)
  5 liches
  A titan (Depths:2)
  2 deep elf master archers
  The ghost of Morbidden the Brawler, an adept TrBe of Trog (Spider:1)
  A kraken (Shoals:1)
  A quicksilver dragon (Depths:3)
  2 deep elf blademasters
  Polyphemus (Shoals:4)
  6 sphinxes
  3 ancient champions
  Donald (Shoals:3)
  2 shadow dragons
  A nagaraja (Vaults:3)
  3 tengu reavers
  A revenant (Crypt:3)
  4 frost giants
  6 fire giants
  13 vault wardens
  3 caustic shrike zombies
  7 ghouls (Crypt:1)
  Aizul (Spider:3)
  5 ghost moths (Spider:4)
  2 orc warlords
  5 deep elf elementalists
  8 deep elf sorcerers
  A curse skull (Crypt:3)
  6 ironheart preservers
  11 very ugly things
  3 war gargoyles (Crypt:3)
  6 emperor scorpions (Spider:4)
  12 stone giants
  8 entropy weavers
  3 vampire knights
  9 deep elf annihilators
  5 deep elf demonologists
  Azrael (Spider:3)
  A minotaur (Gauntlet)
  4 spark wasps
  7 ettins
  9 merfolk javelineers
  2 eidola
  Snorg (Lair:5)
  9 deep elf death magi
  A fire dragon (Depths:1)
  6 great orbs of eyes
  8 yaktaur captains
  3 deep elf high priests (Elf:3)
  16 ogre magi
  10 merfolk impalers
  5 jiangshi
  6 ice dragons
  4 rakshasas
  22 vault guards
  The ghost of endorz the Basher, a journeyman GrFi of Okawaru (Lair:4)
  A quicksilver dragon skeleton (Depths:1)
  3 spriggan air magi (Depths:3)
  9 hydras
  6 merfolk avatars
  4 ghost crabs (D:13)
  An alligator snapping turtle (Shoals:3)
  7 centaur warriors
  3 catoblepae
  A merfolk aquamancer (Shoals:4)
  35 two-headed ogres
  A satyr (Shoals:2)
  5 deep troll shamans
  A satyr (shapeshifter) (Vaults:3)
  2 death knights
  A tengu warrior (Depths:3)
  14 death yaks
  A deep troll earth mage (Vaults:1)
  A titan zombie (Crypt:3)
  4 orc high priests (Orc:2)
  4 vampire magi
  A lindwurm (shapeshifter) (Depths:1)
  2 soul eaters (Depths:1)
  12 deep elf knights
  3 storm dragon zombies
  A fire crab (shapeshifter) (Vaults:1)
  2 shadow wraiths
  A spark wasp zombie (D:15)
  4 fire crabs (D:13)
  36 skeletal warriors
  17 sea snakes
  A death drake (shapeshifter) (Depths:3)
  2 glowing orange brains
  5 flayed ghosts
  2 storm dragon skeletons (Crypt:3)
  8 deep trolls
  16 ironbrand convokers
  13 deep elf archers
  3 wizards
  A kraken simulacrum (Shoals:4)
  An anaconda zombie (Crypt:2)
  A glowing orange brain (shapeshifter) (D:15)
  15 orc knights
  A swamp dragon (shapeshifter) (Depths:3)
  10 necromancers
  39 harpies
  6 phantasmal warriors
  4 unseen horrors
  A harpy (shapeshifter) (Vaults:3)
  A sphinx skeleton (Depths:1)
  20 orb spiders
  39 wolf spiders
  73 deep elf magi
  2 stone giant zombies
  2 frost giant zombies (Depths:1)
  12 fauns
  31 ugly things
  12 orc sorcerers
  An iron dragon skeleton (Crypt:3)
  A moth of wrath (Spider:3)
  2 salamanders (shapeshifter)
  11 cyclopes
  19 manticores
  2 shadow dragon skeletons
  5 water nymphs
  A dire elephant zombie (Crypt:1)
  9 elephants
  A shock serpent zombie (Crypt:3)
  7 merfolk sirens
  9 fire giant skeletons
  Maurice (D:8)
  An apocalypse crab (D:13)
  2 ice statues (IceCv)
  13 vault sentinels
  3 frost giant skeletons (Crypt:3)
  A stone giant skeleton (Crypt:3)
  A black mamba (shapeshifter) (Depths:3)
  4 black mambas
  6 gargoyles
  A torpor snail (shapeshifter) (Vaults:2)
  2 spiny frogs (shapeshifter) (Vaults:2)
  7 rime drakes
  8 demonic crawlers
  11 spiny frogs
  3 efreet
  3 yaktaur zombies (Depths:1)
  A black draconian zombie (Crypt:1)
  2 kobold demonologists
  14 ice devils (IceCv)
  48 yaktaurs
  A freezing wraith (Vaults:3)
  5 komodo dragons
  3 tengu conjurers
  9 guardian mummies
  16 trolls
  33 merfolk
  29 jumping spiders
  2 polar bears (Lair:6)
  6 wind drakes
  A tengu simulacrum (Vaults:2)
  8 hornets
  A jumping spider (shapeshifter) (Vaults:1)
  An ice dragon zombie (Depths:1)
  21 hippogriffs
  2 bog bodies (Crypt:1)
  29 blink frogs
  45 slime creatures
  An ettin zombie (Crypt:3)
  A stone giant simulacrum (Depths:1)
  11 snapping turtles
  5 large abominations (Elf:2)
  2 spriggan zombies (D:15)
  A centaur simulacrum (D:15)
  6 dream sheep
  4 air elementals
  Sigmund (D:4)
  An ice dragon skeleton (Crypt:3)
  2 deep troll skeletons (Depths:1)
  10 fire dragon skeletons
  12 water elementals
  6 shadows
  A redback (shapeshifter) (Vaults:4)
  66 redbacks
  A wind drake zombie (Crypt:2)
  A black mamba skeleton (Crypt:2)
  10 wraiths
  60 yaks
  A basilisk (shapeshifter) (Depths:2)
  2 ushabtiu (Crypt:3)
  30 tarantellas
  A vampire (D:15)
  2 spriggan skeletons (Depths:1)
  4 fire elementals
  8 wyverns (Lair:6)
  12 basilisks
  A fire bat (shapeshifter) (Depths:3)
  6 hungry ghosts
  7 small abominations (Elf:2)
  A human simulacrum (Vaults:2)
  3 yaktaur simulacra
  2 acid dragons
  5 vampire mosquitoes (D:14)
  Edmund (D:6)
  A deep troll zombie (Crypt:1)
  15 wargs
  A soldier ant (D:13)
  A hydra simulacrum (Lair:4)
  A two-headed ogre zombie (D:10)
  15 water moccasins
  5 hell hounds
  2 floating eyes (Depths:3)
  59 orc warriors
  12 porcupines
  3 black bears
  A hornet zombie (D:12)
  5 ice beasts
  6 sky beasts
  6 necrophages
  A spriggan simulacrum (Depths:1)
  2 eyes of draining
  A black mamba simulacrum (Lair:4)
  36 ogres
  4 phantoms
  21 boggarts
  10 wolves
  3 snapping turtle skeletons
  10 crocodiles
  14 centaurs
  8 big kobolds
  A hippogriff zombie (Crypt:1)
  A draconian zombie (Crypt:2)
  4 earth elementals
  14 bullfrogs
  12 killer bees
  5 jellies
  6 wights
  4 electric eels
  A polar bear skeleton (Crypt:2)
  A wolf zombie (Crypt:1)
  6 howler monkeys
  5 crimson imps
  3 bullfrog zombies
  A komodo dragon simulacrum (Lair:4)
  30 orc wizards
  3 centaur zombies
  A demonspawn zombie (Crypt:2)
  12 hounds
  3 bullfrog skeletons
  4 centaur skeletons
  A human zombie (Crypt:1)
  20 orc priests
  5 iguanas
  Natasha (twice) (D:3)
  2 human skeletons (Crypt:1)
  12 worker ants
  A demonspawn skeleton (Crypt:1)
  2 polar bear simulacra (Lair:4)
  7 ogre zombies (D:10)
  2 hound zombies
  14 mummies
  2 worker ant zombies
  14 gnolls
  2 steam dragon zombies (Crypt:2)
  10 adders
  A howler monkey skeleton (D:11)
  6 shadow imps
  11 white imps (IceCv)
  4 ufetubi (IceCv)
  7 oozes
  4 adder skeletons
  3 worms
  A dart slug (D:1)
  8 leopard geckos
  100 orcs
  6 bats
  10 giant cockroaches
  13 goblins
  7 hobgoblins
  14 jackals
  4 quokkas
  A ball python skeleton (Crypt:2)
  A dart slug zombie (Crypt:1)
  6 frilled lizards
  A frilled lizard skeleton (Crypt:1)
  4 goblin skeletons (D:10)
  2 goblin zombies (D:10)
  A hobgoblin skeleton (D:10)
  A hobgoblin zombie (D:10)
  42 kobolds
  An orc skeleton (D:10)
  16 orc zombies (D:10)
  15 rats
  A bush (Lair:6)
  A fungus (Lair:6)
  3 plants
  3 tentacles (Shoals:1)
  2 withered plants (D:15)
2241 creatures vanquished.

Vanquished Creatures (collateral kills)
  Mara (Spider:3)
  Asterion (Spider:2)
  2 tengu reavers
  A vault warden (Vaults:3)
  6 very ugly things (Depths:3)
  A stone giant (Depths:3)
  A vampire knight (Crypt:1)
  2 ettins
  A merfolk impaler (Shoals:4)
  A great orb of eyes (Depths:1)
  A centaur warrior (Depths:3)
  A death knight (Vaults:3)
  An ogre mage (Depths:1)
  3 two-headed ogres (Depths:1)
  A tengu warrior (Gauntlet)
  2 skeletal warriors
  A harpy (Vaults:3)
  A wolf spider (Spider:3)
  An ugly thing (Depths:3)
  An orc knight (Orc:2)
  A water elemental (Shoals:4)
  3 redbacks
  2 orc warriors
  4 ogres
  Blork the orc (D:6)
  A wight (D:6)
  2 orc priests
  An orc (Vaults:3)
45 creatures vanquished.

Vanquished Creatures (others)
  Boris (Depths:1)
  2 liches
  A titan (Depths:3)
  2 fire giants (Depths:3)
  A tengu reaver (Depths:3)
  A ghost moth (Spider:4)
  3 stone giants
  2 deep elf death magi (Depths:1)
  4 ettins
  A fire dragon (Depths:1)
  A deep elf high priest (Elf:1)
  A jiangshi (Crypt:2)
  2 yaktaur captains
  A spriggan air mage (Depths:3)
  A great orb of eyes (Depths:3)
  An ice dragon (Depths:3)
  An ogre mage (Depths:3)
  A centaur warrior (Depths:2)
  2 deep troll shamans
  3 two-headed ogres
  A deep elf knight (Elf:1)
  A hell knight (Depths:1)
  A glowing orange brain (shapeshifter) (Depths:3)
  A deep elf archer (Elf:1)
  A necromancer (Depths:1)
  A deep elf mage (Elf:2)
  An orb spider (Spider:2)
  A faun (Shoals:2)
  A manticore (shapeshifter) (Depths:3)
  2 yaktaurs
  A jumping spider (Spider:4)
  A water elemental (Depths:1)
  20 dancing weapons
  4 yaks (Lair:6)
  A water moccasin (Lair:6)
  2 centaurs (Depths:2)
  An ogre (Depths:3)
  A white imp (IceCv)
  An ufetubus (IceCv)
  An orc (Vaults:3)
  3 bushes (D:8)
  9 fungi
  23 plants
  11 tentacles
  6 withered plants
128 creatures vanquished.

Grand Total: 2414 creatures vanquished

Notes
Turn   | Place    | Note
-------+----------+-------------------------------------------
     0 | D:1      | MrRokkomies the Vampire Enchanter began the quest for the
                  | Orb.
     0 | D:1      | Reached XP level 1. HP: 13/13 MP: 3/3
    85 | D:1      | Reached XP level 2. HP: 16/19 MP: 5/5
   342 | D:1      | Learned a level 2 spell: Ensorcelled Hibernation
   574 | D:1      | Reached skill level 5 in Hexes
   655 | D:1      | Reached XP level 3. HP: 23/24 MP: 6/6
  1032 | D:1      | Learned a level 3 spell: Confuse
  1221 | D:2      | Reached skill level 5 in Stealth
  1273 | D:2      | Reached XP level 4. HP: 22/30 MP: 7/7
  1763 | D:3      | Reached XP level 5. HP: 11/35 MP: 8/8
  2574 | D:3      | Noticed Natasha
  2583 | D:3      | Killed Natasha
  2740 | D:3      | Noticed Natasha
  2751 | D:3      | Killed Natasha
  2815 | D:4      | Learned a level 3 spell: Tukima's Dance
  2898 | D:4      | Found an iron altar of Okawaru.
  3017 | D:4      | Found a runed translucent gate.
  3019 | D:4      | Found a runed translucent gate.
  3020 | D:4      | Found a runed translucent gate.
  3022 | D:4      | Noticed Essalna's ghost (novice GnFE)
  3095 | D:4      | Reached XP level 6. HP: 35/41 MP: 9/9
  3399 | D:4      | Noticed Sigmund
  3411 | D:4      | Killed Sigmund
  3427 | D:4      | Reached XP level 7. HP: 46/46 MP: 2/10
  3792 | D:5      | Entered Level 5 of the Dungeon
  3882 | D:5      | Found Awneomis's Armour Boutique.
  3900 | D:5      | Bought a +0 pair of gloves for 45 gold pieces
  3900 | D:5      | Bought a +0 pair of boots for 45 gold pieces
  3913 | D:5      | Found a staircase to the Ecumenical Temple.
  3967 | D:5      | Reached skill level 5 in Short Blades
  4102 | Temple   | Entered the Ecumenical Temple
  4280 | Temple   | Became a worshipper of Gozag Ym Sagoz the Greedy
  4574 | D:6      | Found Untuy's Gadget Shoppe.
  4741 | D:6      | Reached XP level 8. HP: 52/52 MP: 11/11
  4747 | D:6      | Noticed Blork the orc
  4757 | D:6      | Killed Blork the orc
  4899 | D:6      | Noticed Edmund
  4950 | D:6      | Killed Edmund
  5097 | D:6      | Reached skill level 5 in Dodging
  5636 | D:5      | Bought the +3 ring mail of Jaogis {Regen+ Int+4} for 344
                  | gold pieces
  5801 | D:7      | Reached skill level 10 in Hexes
  5881 | D:7      | Found a runed translucent door.
  5881 | D:7      | Noticed an unseen horror
  5991 | D:7      | Identified a scroll of acquirement
  6031 | D:7      | Noticed an ogre mage
  6031 | D:7      | Noticed an eight-headed hydra
  6032 | D:7      | Found a runed translucent door.
  6033 | D:7      | Found a runed translucent door.
  6208 | D:7      | Reached XP level 9. HP: 57/57 MP: 12/12
  6404 | D:7      | Noticed a two-headed ogre
  6429 | D:7      | Killed a two-headed ogre
  6506 | D:7      | Noticed a deep elf mage
  6528 | D:7      | Killed a deep elf mage
  6621 | D:7      | Reached skill level 10 in Stealth
  6755 | D:8      | Noticed Maurice
  6794 | D:8      | Reached skill level 1 in Fighting
  6845 | D:7      | Reached XP level 10. HP: 60/65 MP: 10/13
  6896 | D:8      | Reached skill level 1 in Armour
  7193 | D:8      | Killed Maurice
  7277 | D:8      | Reached skill level 10 in Short Blades
  7485 | D:8      | Found a staircase to the Lair.
  7708 | D:8      | Noticed an obsidian statue
  7861 | D:8      | Reached skill level 5 in Fighting
  8310 | Lair:1   | Entered Level 1 of the Lair of Beasts
  8342 | Lair:1   | Bought a +0 buckler of poison resistance for 119 gold
                  | pieces
  8429 | Lair:1   | Reached XP level 11. HP: 80/80 MP: 6/14
  8469 | Lair:1   | Reached skill level 1 in Shields
  9691 | Lair:2   | Noticed an eight-headed hydra
  9718 | Lair:2   | Killed an eight-headed hydra
  9912 | Lair:2   | Reached skill level 1 in Evocations
 10307 | Lair:2   | Noticed a catoblepas
 10323 | Lair:2   | Learned a level 3 spell: Dazzling Flash
 10538 | Lair:2   | Reached XP level 12. HP: 65/92 MP: 7/15
 10643 | Lair:2   | Found a hole to the Spider Nest.
 11113 | Lair:2   | Killed a catoblepas
 11113 | Lair:2   | Reached skill level 5 in Armour
 11437 | Lair:1   | Bought the +5 helmet "Ocemot" {+Inv rPois rF- rC+++} for
                  | 1059 gold pieces
 11869 | Lair:3   | Found a staircase to the Shoals.
 11869 | Lair:3   | Noticed a four-headed hydra
 11871 | Lair:3   | Killed a four-headed hydra
 12655 | Lair:4   | Noticed an eight-headed hydra
 12666 | Lair:4   | Reached skill level 5 in Evocations
 12717 | Lair:4   | Reached skill level 10 in Dodging
 12808 | Lair:4   | Noticed a death yak
 12808 | Lair:4   | Noticed a death yak
 12809 | Lair:4   | Noticed a death yak
 12809 | Lair:4   | Noticed a death yak
 12809 | Lair:4   | Noticed a death yak
 12818 | Lair:4   | Noticed a death yak
 12920 | Lair:4   | Killed a death yak
 13086 | Lair:4   | Found a runed translucent gate.
 13086 | Lair:4   | Found a runed translucent gate.
 13086 | Lair:4   | Found a runed translucent gate.
 13114 | Lair:4   | Killed an eight-headed hydra
 13352 | Lair:4   | Killed a death yak
 13633 | Lair:4   | Killed a death yak
 13765 | Lair:3   | Killed a death yak
 13765 | Lair:3   | Reached XP level 13. HP: 92/103 MP: 10/17
 13948 | Lair:4   | Reached skill level 10 in Fighting
 14152 | Lair:4   | Noticed endorz's ghost (journeyman GrFi)
 14731 | Lair:4   | Killed endorz's ghost
 14750 | Lair:4   | Got the ring "Dotiekhly" {Fire}
 14755 | Lair:4   | Identified the ring "Dotiekhly" {Fire *Corrode rPois Str+4}
                  | (You found it on level 4 of the Lair of Beasts)
 15138 | Lair:5   | Got a distressingly furry buckler
 15149 | Lair:5   | Identified the +1 buckler of the Crushed Curses {Str+2
                  | Dex+2 Stlth+} (You acquired it on level 5 of the Lair of
                  | Beasts)
 15341 | Lair:5   | Noticed Snorg
 15350 | Lair:5   | Killed Snorg
 16071 | Lair:6   | Entered Level 6 of the Lair of Beasts
 16084 | Lair:6   | Found a gate leading to a gauntlet.
 16095 | Gauntlet | Entered a Gauntlet
 16095 | Gauntlet | Found a transporter.
 16104 | Gauntlet | Noticed a death ooze
 16105 | Gauntlet | Found a transporter.
 16120 | Gauntlet | Found a transporter.
 16122 | Gauntlet | Found a large runed translucent door.
 16122 | Gauntlet | Found a large runed translucent door.
 16123 | Gauntlet | Found a large runed translucent door.
 16123 | Gauntlet | Found a large runed translucent door.
 16124 | Gauntlet | Found a large runed translucent door.
 16124 | Gauntlet | Found a large runed translucent door.
 16124 | Gauntlet | Found a runed translucent door.
 16124 | Gauntlet | Found a runed translucent door.
 16124 | Gauntlet | Found a large runed translucent door.
 16124 | Gauntlet | Found a large runed translucent door.
 16125 | Gauntlet | Found a large runed translucent door.
 16125 | Gauntlet | Found a large runed translucent door.
 16127 | Gauntlet | Found a transporter.
 16144 | Gauntlet | Found a transporter.
 16157 | Gauntlet | Noticed a minotaur
 16157 | Gauntlet | an alligator changed into a minotaur
 16158 | Gauntlet | Found a large runed translucent door.
 16159 | Gauntlet | Found a large runed translucent door.
 16160 | Gauntlet | Found a large runed translucent door.
 16161 | Gauntlet | Found a runed translucent gate.
 16162 | Gauntlet | Found a transporter.
 16162 | Gauntlet | Found a runed translucent gate.
 16162 | Gauntlet | Noticed an entropy weaver
 16163 | Gauntlet | Found a runed translucent gate.
 16163 | Gauntlet | Noticed a dire elephant
 16163 | Gauntlet | a minotaur changed into a dire elephant
 16164 | Gauntlet | Found a large runed translucent door.
 16165 | Gauntlet | Found a large runed translucent door.
 16165 | Gauntlet | a dire elephant changed into a death yak
 16166 | Gauntlet | Found a large runed translucent door.
 16174 | Gauntlet | Found a transporter.
 16186 | Gauntlet | Found a transporter.
 16190 | Gauntlet | Noticed a death ooze
 16194 | Gauntlet | Noticed a balrug
 16201 | Gauntlet | Found a transporter.
 16210 | Gauntlet | Found a transporter.
 16227 | Gauntlet | Found a transporter.
 16244 | Gauntlet | Found a transporter.
 16246 | Gauntlet | Found a transporter.
 16273 | Gauntlet | Found a transporter.
 16275 | Gauntlet | Found a transporter.
 16295 | Gauntlet | Found a transporter.
 16322 | Gauntlet | Noticed a quicksilver dragon
 16352 | Gauntlet | Noticed a stone giant
 16354 | Gauntlet | Noticed a shadow dragon
 16354 | Gauntlet | a stone giant changed into a shadow dragon
 16373 | Gauntlet | Found a transporter.
 16395 | Gauntlet | Found a transporter.
 16537 | Gauntlet | Reached skill level 10 in Evocations
 16635 | Gauntlet | Killed an entropy weaver
 16668 | Gauntlet | Got a crude cloak
 16679 | Gauntlet | Identified the +2 cloak "Gouzohar" {rPois} (You found it in
                  | a Gauntlet)
 16745 | Gauntlet | Noticed a minotaur
 16758 | Gauntlet | Killed a minotaur
 16782 | Gauntlet | Got a pair of crude boots
 16784 | Gauntlet | Identified the Catalogue of Shape Shifting
 16792 | Gauntlet | Identified the +2 pair of boots of Limitation {MR+} (You
                  | found it in a Gauntlet)
 17186 | Lair:6   | Found a staircase to the Slime Pits.
 17197 | Lair:6   | Reached XP level 14. HP: 107/110 MP: 22/22
 19122 | D:9      | Learned a level 2 spell: Blink
 19170 | D:9      | Learned a level 4 spell: Iskenderun's Mystic Blast
 19847 | D:10     | Entered Level 10 of the Dungeon
 19879 | D:10     | Found a radiant altar of Vehumet.
 19966 | D:10     | Found a flagged portal.
 19987 | Bailey   | Entered a bailey
 20463 | Bailey   | Reached XP level 15. HP: 117/117 MP: 24/24
 20494 | Bailey   | Identified the Papyrus of Dislocation and Calling
 20794 | D:10     | Found a staircase to the Orcish Mines.
 21377 | Orc:1    | Entered Level 1 of the Orcish Mines
 22007 | Orc:1    | Found Boafi's Jewellery Shoppe.
 22148 | Orc:2    | Entered Level 2 of the Orcish Mines
 22182 | Orc:2    | Found a roughly hewn altar of Beogh.
 22187 | Orc:2    | Noticed an orc warlord
 22214 | Orc:2    | Noticed a caustic shrike
 22214 | Orc:2    | an orc warlord changed into a caustic shrike
 22519 | Orc:2    | Noticed Saint Roka
 22522 | Orc:2    | Noticed a shadow dragon
 22522 | Orc:2    | a caustic shrike changed into a shadow dragon
 24081 | D:12     | Reached XP level 16. HP: 124/126 MP: 25/25
 24842 | D:13     | Found Timekoypp's Assorted Antiques.
 24847 | D:13     | Bought a puce potion for 27 gold pieces
 24847 | D:13     | Bought a papyrus book for 465 gold pieces
 25203 | D:13     | Found a runed translucent door.
 26040 | D:14     | Found a gate to the Vaults.
 26350 | D:14     | Reached skill level 5 in Translocations
 26406 | D:14     | Found a glowing silver altar of Zin.
 26648 | D:14     | Found a transporter.
 26649 | D:14     | Found a bloodstained altar of Trog.
 26651 | D:14     | Noticed Gecro's ghost (journeyman HONe)
 26656 | D:14     | Found a transporter.
 26660 | D:14     | Identified the cursed +1 war axe of Res Nullius {distort,
                  | rC+ Stlth+}
 26852 | D:15     | Entered Level 15 of the Dungeon
 26898 | D:15     | Found a staircase to the Depths.
 27548 | D:15     | Reached skill level 5 in Spellcasting
 27749 | D:15     | Learned a level 6 spell: Eringya's Noxious Bog
 27901 | Orc:2    | Found a bloodstained altar of Trog.
 27914 | Orc:2    | Killed a shadow dragon
 27957 | Orc:2    | Killed Saint Roka
 27957 | Orc:2    | Reached XP level 17. HP: 49/137 MP: 24/26
 28987 | Orc:2    | Found Arurghul's Gadget Shop.
 28987 | Orc:2    | Found Zorch's Book Shop.
 28988 | Orc:2    | Found Tajan's Food Emporium.
 28988 | Orc:2    | Found Vyelo's Antique Weapon Emporium.
 29258 | Orc:2    | Found a staircase to the Elven Halls.
 29396 | D:10     | Upgraded the game from 0.25-a0-378-gd2ca0b7745 to
                  | 0.25-a0-398-g1920f1ac21
 29399 | D:10     | Bought a glowing buckler for 172 gold pieces
 29399 | D:10     | Bought an embroidered cloak for 172 gold pieces
 29441 | D:10     | Bought a runed scimitar for 140 gold pieces
 29441 | D:10     | Bought a runed scimitar for 140 gold pieces
 29558 | D:13     | Learned a level 5 spell: Silence
 29565 | D:13     | Learned a level 6 spell: Iron Shot
 29773 | Spider:1 | Entered Level 1 of the Spider Nest
 29978 | Spider:1 | Reached skill level 1 in Air Magic
 30423 | Spider:1 | Found a runed translucent door.
 30425 | Spider:1 | Found a shimmering altar of Xom.
 30425 | Spider:1 | Noticed Morbidden's ghost (adept TrBe)
 30499 | Spider:1 | Killed Morbidden's ghost
 31604 | Spider:2 | Reached skill level 5 in Air Magic
 31857 | Spider:3 | Noticed Azrael
 31870 | Spider:3 | Killed Azrael
 31870 | Spider:3 | Reached skill level 1 in Conjurations
 31870 | Spider:3 | Reached skill level 1 in Earth Magic
 31877 | Spider:3 | Noticed Asterion
 31878 | Spider:3 | Noticed Arachne
 32064 | Spider:2 | Killed Asterion
 32078 | Spider:2 | Killed Arachne
 32594 | Spider:3 | Bought an uncursed amulet of regeneration for 540 gold
                  | pieces
 32606 | Spider:3 | Noticed Aizul
 32637 | Spider:3 | Killed Aizul
 32760 | Spider:3 | Noticed Mara
 32778 | Spider:3 | Killed Mara
 32778 | Spider:3 | Reached XP level 18. HP: 148/148 MP: 28/28
 33672 | Spider:4 | Entered Level 4 of the Spider Nest
 33719 | Spider:4 | Reached skill level 15 in Fighting
 34471 | Spider:4 | Reached skill level 5 in Earth Magic
 34931 | Spider:4 | Reached skill level 5 in Conjurations
 35118 | Spider:4 | Got a gossamer rune of Zot
 35502 | D:13     | Learned a level 4 spell: Leda's Liquefaction
 35524 | D:13     | Learned a level 1 spell: Summon Butterflies
 35717 | Shoals:1 | Entered Level 1 of the Shoals
 35912 | Shoals:1 | You fall into a shaft and drop 1 floor!
 36758 | Shoals:2 | Reached XP level 19. HP: 85/155 MP: 23/29
 37171 | Shoals:2 | Found a transporter.
 37178 | Shoals:2 | Found a transporter.
 37773 | Shoals:3 | Noticed Donald
 37792 | Shoals:3 | Killed Donald
 37990 | Shoals:3 | Found a runed translucent gate.
 37991 | Shoals:3 | Found a runed translucent gate.
 37991 | Shoals:3 | Noticed Ydant's ghost (adept MiBe)
 37992 | Shoals:3 | Found a runed translucent gate.
 38107 | Shoals:3 | Reached skill level 15 in Dodging
 38607 | Shoals:4 | Entered Level 4 of the Shoals
 38620 | Shoals:4 | Reached skill level 10 in Earth Magic
 38719 | Shoals:4 | Got a barnacled rune of Zot
 38850 | Shoals:4 | Noticed Bai Suzhen
 38897 | Shoals:4 | Killed Bai Suzhen
 39082 | Shoals:4 | Got a crude glass ring
 39083 | Shoals:4 | Identified the ring "Hetruuf" {-Tele rC+ Str+2 Dex+3} (You
                  | found it on level 4 of the Shoals)
 39118 | Shoals:4 | Noticed Polyphemus
 39341 | Shoals:4 | Killed Polyphemus
 39619 | Shoals:4 | Identified the +3 scale mail of the Fife {rN+ Dex+3 Stlth+}
                  | (You found it on level 4 of the Shoals)
 39984 | Vaults:1 | Entered Level 1 of the Vaults
 39988 | Vaults:1 | Bought a scroll of fear for 80 gold pieces
 39988 | Vaults:1 | Bought a scroll of identify for 46 gold pieces
 39988 | Vaults:1 | Bought 2 scrolls of summoning for 437 gold pieces
 39988 | Vaults:1 | Bought 2 potions of curing for 138 gold pieces
 40174 | Vaults:1 | Found Ogosaps's Antique Armour Shop.
 40563 | Vaults:1 | Reached XP level 20. HP: 148/162 MP: 26/30
 41293 | Vaults:1 | Got a translucent iron ring
 41294 | Vaults:1 | Identified the cursed ring "Wiemnaed" {rPois MP+9 AC-2
                  | Int+8 Dex-3} (You found it on level 1 of the Vaults)
 41581 | Vaults:1 | Reached skill level 10 in Conjurations
 42006 | Vaults:2 | Found a staircase to the Crypt.
 43600 | Vaults:2 | Found Tikkihina's Weapon Boutique.
 43824 | Vaults:3 | Noticed Frederick
 43992 | Vaults:3 | Killed Frederick
 43992 | Vaults:3 | Reached XP level 21. HP: 149/171 MP: 24/31
 44378 | Vaults:3 | Found Opeom's Armour Shop.
 46310 | Vaults:3 | You fall into a shaft and drop 1 floor!
 46494 | Vaults:3 | Identified the +8 scale mail "Toaburri" {rC+} (You found it
                  | on level 3 of the Vaults)
 46663 | Vaults:4 | Found Kukiam's Distillery.
 46675 | Vaults:4 | Bought a potion of might for 80 gold pieces
 46675 | Vaults:4 | Bought a potion of haste for 200 gold pieces
 46675 | Vaults:4 | Bought 2 potions of haste for 400 gold pieces
 46675 | Vaults:4 | Bought a potion of resistance for 200 gold pieces
 47570 | Vaults:4 | Reached XP level 22. HP: 183/183 MP: 32/32
 47639 | Vaults:4 | Noticed Boris
 47687 | Vaults:4 | Killed Boris
 48028 | Vaults:4 | Bought a book of Enchantments for 950 gold pieces
 48135 | D:14     | Upgraded the game from 0.25-a0-398-g1920f1ac21 to
                  | 0.25-a0-403-g49d089a364
 48287 | Elf:1    | Entered Level 1 of the Elven Halls
 48380 | Elf:1    | Found a huge runed gate.
 48380 | Elf:1    | Found a huge runed gate.
 48380 | Elf:1    | Found a huge runed gate.
 48381 | Elf:1    | Found a huge runed gate.
 48411 | Elf:1    | Found a huge runed gate.
 48411 | Elf:1    | Found a huge runed gate.
 48411 | Elf:1    | Found a huge runed gate.
 48411 | Elf:1    | Found a huge runed gate.
 48420 | Elf:1    | Found a huge runed gate.
 48433 | Elf:1    | Found a huge runed gate.
 48433 | Elf:1    | Found a huge runed gate.
 48433 | Elf:1    | Found a huge runed gate.
 48449 | Elf:1    | Found a huge runed gate.
 48449 | Elf:1    | Found a huge runed gate.
 48779 | Elf:1    | Identified Vehumet's Grimoire of Combat Magic
 48930 | Elf:1    | Found Ypohing's Antique Weapon Emporium.
 49114 | Elf:1    | Found a huge runed gate.
 49114 | Elf:1    | Found a huge runed gate.
 49114 | Elf:1    | Found a huge runed gate.
 49114 | Elf:1    | Found a huge runed gate.
 49114 | Elf:1    | Found a huge runed gate.
 49114 | Elf:1    | Found a huge runed gate.
 49114 | Elf:1    | Found a huge runed gate.
 49115 | Elf:1    | Found a huge runed gate.
 49116 | Elf:1    | Found a huge runed gate.
 49661 | Elf:2    | Found a frozen archway.
 49672 | IceCv    | Entered an ice cave
 50531 | Elf:2    | Identified the Reference Book on Shifting Stones
 50614 | Elf:2    | Found a large runed translucent door.
 50614 | Elf:2    | Found a large runed translucent door.
 50652 | Elf:2    | Found a large runed translucent door.
 50652 | Elf:2    | Found a large runed translucent door.
 50808 | Elf:3    | Entered Level 3 of the Elven Halls
 50816 | Elf:3    | Learned a level 5 spell: Lee's Rapid Deconstruction
 50819 | Elf:3    | Found Baitu's General Store.
 50821 | Elf:3    | Found Waqahion's Distillery.
 50824 | Elf:3    | Found Uduynk's Distillery.
 50829 | Elf:3    | Bought a potion of magic for 136 gold pieces
 50829 | Elf:3    | Bought a potion of haste for 170 gold pieces
 51408 | Elf:3    | Found a shimmering blue altar of Sif Muna.
 52219 | Elf:3    | Identified the ring of Jealousy {*Tele rN+ MR+}
 52236 | Elf:3    | Reached XP level 23. HP: 169/194 MP: 27/33
 52692 | Elf:3    | Identified the +10 spear of the Doomed Warrior {speed,
                  | -Tele rN+ Str+4}
 52968 | Elf:3    | Found the +0 mask of the Dragon {MR+ Slay+3 SInv}
 52976 | Elf:3    | Identified the Reference Book on Stones
 53391 | Vaults:1 | Bought a scroll of acquirement for 572 gold pieces
 53391 | Vaults:1 | Identified Reklexti's Volume of Attacks (You acquired it on
                  | level 1 of the Vaults)
 53391 | Vaults:1 | Identified the amulet of Tytrut {Acrobat rElec rC- MR+++
                  | Int+2} (You acquired it on level 1 of the Vaults)
 53464 | Crypt:1  | Entered Level 1 of the Crypt
 54143 | Crypt:1  | Reached skill level 15 in Hexes
 54553 | Crypt:2  | Noticed Boris
 54795 | Crypt:1  | Killed Boris
 56587 | Crypt:2  | Noticed a greater mummy
 56588 | Crypt:2  | Noticed Khufu
 56588 | Crypt:2  | Noticed a greater mummy
 56599 | Crypt:2  | Killed a greater mummy
 56638 | Crypt:2  | Killed a greater mummy
 56638 | Crypt:2  | Reached skill level 15 in Conjurations
 56657 | Crypt:2  | Killed Khufu
 57170 | Crypt:3  | Entered Level 3 of the Crypt
 57792 | Crypt:3  | Reached skill level 10 in Spellcasting
 58452 | Crypt:3  | Noticed Boris
 58512 | Crypt:3  | Killed Boris
 59065 | Crypt:3  | Found a staircase to the Tomb.
 59182 | Crypt:3  | Identified the Handbook of Evil Secrets
 59298 | Crypt:3  | Noticed an ancient lich
 59377 | Crypt:3  | Killed an ancient lich
 59377 | Crypt:3  | Reached XP level 24. HP: 69/162 MP: 25/37
 61064 | Crypt:3  | Identified the cursed +0 troll leather armour of the
                  | Solstice {rElec rF- MR+ Regen+} (You found it on level 3 of
                  | the Crypt)
 61407 | Depths:1 | Entered Level 1 of the Depths
 61469 | Depths:1 | Learned a level 8 spell: Discord
 61888 | Depths:1 | Found an ancient bone altar of Kikubaaqudgha.
 62126 | Depths:1 | Found a gateway to Hell.
 62530 | Depths:1 | Noticed Valentain's ghost (adept DsGl)
 62533 | Depths:1 | Found a transporter.
 62538 | Depths:1 | Noticed an ancient lich
 62588 | Depths:1 | Found a transporter.
 62624 | Depths:1 | Noticed Boris
 62672 | Depths:1 | Killed Boris
 62990 | Depths:1 | You fall into a shaft and drop 1 floor!
 63144 | Depths:2 | Noticed a juggernaut
 63163 | Depths:2 | Killed a juggernaut
 63789 | Depths:2 | Found a gateway to a ziggurat.
 64495 | Depths:3 | Found a bloodstained altar of Trog.
 64496 | Depths:3 | Found a radiant altar of Vehumet.
 64697 | Depths:3 | Found a burning altar of Makhleb.
 64700 | Depths:3 | Found a one-way gate leading to the halls of Pandemonium.
 65383 | Depths:3 | Identified the cursed +0 plate armour of the Marlin {Dex+3}
 65399 | Depths:3 | Reached skill level 1 in Summonings
 65588 | Depths:3 | Demolished by a titan

Levels and vault maps discovered:
D:1:      dpeg_arrival_subterranean_lakeside_camping, layout_loops_corners,
          amethyst_killhole, roderic_lattice_a, kennysheep_doodads
D:2:      layout_basic, first_ration, lexackson_kobold_supper
D:3:      layout_basic, portal_sewer_entry_b, uniq_natasha
D:4:      layout_basic, okawaru_gym_becter, ebering_ghost_rock_garden,
          uniq_sigmund
D:5:      layout_basic, minmay_temple_entry_trees, serial_shops, shop
D:6:      layout_loops_ring, serial_shops, shop_coins, uniq_blork_the_orc,
          uniq_edmund
D:7:      minmay_the_grid_triangle_9x9_recursive_2
          [minmay_the_grid_triangle_9x9_prize_center,
          minmay_the_grid_triangle_9x9_cache,
          minmay_the_grid_triangle_9x9_fully_insulated_deathbox,
          minmay_the_grid_triangle_9x9_corruption], layout_loops_ring
D:8:      minmay_statue_hallways, layout_loops_ring, minmay_lair_entry_grove,
          blue_anna_alchemist [blue_anna_fruit_fields, blue_anna_fruit_fields],
          uniq_maurice
D:9:      layout_basic
D:10:     layout_long_grid, zombieorc2_lemuel, basic_altar, enter_bailey_3
D:11:     layout_small_grid, kb_rosetta
D:12:     four-leaf_vault, layout_loops_ring
D:13:     gammafunk_mikee_crab_dinner, layout_basic, serial_shops,
          kennysheep_little_box, minmay_misc_feat_pillars
D:14:     layout_cave_pools, erik_vaults_2, gammafunk_ghost_wrathful_warriors,
          zin_angel
D:15:     gammafunk_depths_entry_grave, layout_long_grid,
          chequers_serial_rivers_micro_c
Temple:   minmay_crystal_snake_temple
Lair:1:   wander_river, layout_gridlike, grunt_megastairs_1,
          infiniplex_staircase_pool_2
Lair:2:   layout_cave_pods, nicolae_spider_entry_orb_guardian,
          chequers_serial_rivers_micro_e
Lair:3:   layout_regular_city, elwin_shoals_entry_rocks, grunt_megastairs_5
Lair:4:   layout_hall_layers, gammafunk_ghost_icy
Lair:5:   layout_layer_cave, grunt_megastairs_2, uniq_snorg
Lair:6:   grunt_lair_end_beastmaster, layout_gridlike,
          nicolae_slime_entry_slimehenge, gauntlet_entry_generic, special_room
          [special_room_mythical_zoo], minivault_27, serial_bayou_shore_b
Shoals:1: layout_shoals, nicolae_shoals_square_sea_wall, overgrown_statue
Shoals:2: gammafunk_the_bubble [the_bubble_gammafunk_split], layout_shoals,
          nicolae_shoals_mertower
Shoals:3: layout_shoals, ebering_ghost_davey_jones, nicolae_shoals_seven_spires,
          uniq_donald
Shoals:4: shoals_end_grunt_ice, layout_shoals, uniq_polyphemus, uniq_bai_suzhen
Spider:1: layout_spider_delve, ebering_ghost_xom
Spider:2: layout_spider_delve, drop_trap
Spider:3: layout_chambers, uniq_arachne, uniq_aizul, uniq_azrael, uniq_mara,
          uniq_asterion
Spider:4: spider_rune_water
Orc:1:    layout_caves, serial_shops, nicolae_shop_behind_doors, mines4_lemuel
Orc:2:    st_orc_elflike, layout_diamond_mine, hangedman_feature_mirror,
          nooodl_orcs_dogs, uniq_saint_roka
Elf:1:    eino_elf_arrival_the_gate, layout_rooms, serial_shops,
          nicolae_shop_temple_entry_statues_fountains, minmay_elf_annihilation,
          door_vault
Elf:2:    layout_gridlike, portal_ice_cave_entry_pillars_four, drop_trap,
          grunt_ministairs_6, laboratory
Elf:3:    minmay_elf_hall_dome, layout_geoelf_castle, basic_altar,
          minmay_shop_star
Vaults:1: vaults_room_grunt_arrival_ludios, v_misc_16, ontoclasm_vaults_hangar,
          nicolae_vaults_theta, nicolae_vaults_rhombus_7, nicolae_vaults_big_ls,
          v_misc_24, ontoclasm_vaults_ring_square, v_misc_1,
          vaults_room_door_hall, hangedman_vaults_snaps,
          vaults_mumra_minichess_inversion, nicolae_vaults_diagonal_hallway_8,
          layout_vaults_chaotic_city, serial_shops, shop
Vaults:2: vaults_room_octagon, minmay_crypt_entry_simple_sparse,
          nicolae_vaults_angled_halls, nicolae_vaults_little_squares_3,
          dpeg_vaults_monster_box, v_misc_10, nicolae_vaults_little_ls,
          v_misc_18, v_rooms_2, ontoclasm_vaults_chip,
          nicolae_vaults_know_your_exits, hangedman_vaults_hat,
          grunt_vaults_diagonal, nicolae_vaults_shelves_hall,
          layout_vaults_maze_snakey
Vaults:3: ontoclasm_vaults_ring_small, vaults_standard_mumra_lines,
          nicolae_vaults_network_star, st_greater_box_5, vaults_dpeg_spiral,
          ontoclasm_vaults_decontamination, vaults_room_pools,
          vaults_room_semicircle, v_pattern_2, nicolae_vaults_border_crossing,
          vaults_room_stairs_pillars, ontoclasm_vaults_pinch, vaults_dpeg_ring,
          layout_vaults_omnibox, serial_shops, shop, uniq_frederick
Vaults:4: nicolae_vaults_theta, hangedman_vaults_stream,
          hangedman_vaults_corner_blocks,
          nicolae_vaults_windows_and_doors_thing,
          nicolae_vaults_good_morning_starshine, vaults_room_corners,
          vaults_dpeg_cross, nicolae_vaults_little_squares_5, v_misc_4,
          grunt_vaults_hallway_short, vaults_room_semicircle, vaults_dpeg_hooks,
          vaults_dpeg_encased_lava, vaults_room_grunt_arrival_checkpoint,
          nicolae_vaults_sealed_display, layout_vaults_omnicross, serial_shops,
          nicolae_shop_crystal, uniq_boris
Crypt:1:  layout_chaotic_city, feat_on_display, grunt_crypt_arrival_guarded_gate
Crypt:2:  layout_misc_corridors, minmay_guarded_unrand_curses, uniq_khufu
Crypt:3:  quadcrypt_mu
Depths:1: evilmike_negative_zone, layout_cave_shapes, gammafunk_ghost_mausoleum,
          minmay_misc_feat_columns, hell_entry, kennysheep_dice,
          serial_bayou_shore_a
Depths:2: minmay_textured_paths, layout_basic, enter_ziggurat_e, hell_entry
Depths:3: hangedman_slaughterboxes, pan_entry, hell_entry

Skill      XL: |  1  2  3  4  5  6  7  8  9 10 11 12 13 14 15 16 17 18 19 20 21 22 23 24 |
---------------+-------------------------------------------------------------------------+-----
Hexes          | 5 6 7 8 10 12 13 14 17 20 | 20.0
Short Blades   | 2 3 4 5 7 9 10 12 13 14 | 14.0
Stealth        | 5 6 7 8 10 | 10.0
Dodging        | 3 4 5 6 8 9 10 11 12 13 14 15 | 15.6
Fighting       | 1 5 7 9 10 11 13 14 15 16 17 19 20 | 20.0
Armour         | 3 4 6 7 |  7.1
Shields        | 4 |  4.2
Evocations     | 2 6 11 12 | 12.0
Translocations | 2 3 5 |  5.0
Spellcasting   | 5 7 10 12 | 12.9
Air Magic      | 5 |  5.0
Conjurations   | 2 6 9 11 13 14 15 | 15.0
Earth Magic    | 2 8 11 12 | 12.2
Summonings     | 2 |  2.5

Action                   |  1- 3 |  4- 6 |  7- 9 | 10-12 | 13-15 | 16-18 | 19-21 | 22-24 || total
-------------------------+-------+-------+-------+-------+-------+-------+-------+-------++-------
Melee: Dagger            |   116 |       |       |       |       |       |       |       ||   116
       Bite              |     7 |    17 |    46 |   100 |   154 |   222 |   284 |   394 ||  1224
       Short sword       |    27 |   200 |   252 |   110 |    11 |       |       |       ||   600
       Quick blade       |       |       |   186 |   923 |   401 |    11 |    14 |   176 ||  1711
       Rapier            |       |       |       |       |   767 |  1832 |  2301 |  2829 ||  7729
Throw: Dart              |       |       |    10 |    81 |    21 |    66 |     7 |     9 ||   194
       Throwing net      |       |       |       |     1 |     2 |       |       |     2 ||     5
 Cast: Ensorcelled Hiber |     3 |     5 |     4 |    78 |     7 |     1 |     4 |       ||   102
       Tukima's Dance    |       |     1 |     8 |     1 |     4 |     6 |    28 |    20 ||    68
       Confuse           |       |       |     7 |    10 |    36 |     8 |       |       ||    61
       Dazzling Flash    |       |       |       |    18 |    31 |     7 |    35 |     8 ||    99
       Confusing Touch   |       |       |       |       |       |     3 |       |       ||     3
       Leda's Liquefacti |       |       |       |       |       |     1 |    15 |    24 ||    40
       Blink             |       |       |       |       |       |     1 |       |     1 ||     2
       Silence           |       |       |       |       |       |       |     3 |    23 ||    26
       Iron Shot         |       |       |       |       |       |       |     2 |    14 ||    16
       Lee's Rapid Decon |       |       |       |       |       |       |       |    49 ||    49
       Discord           |       |       |       |       |       |       |       |     2 ||     2
Invok: Call Merchant     |       |       |       |     1 |       |     4 |     1 |     2 ||     8
       Potion Petition   |       |       |       |       |       |       |     1 |     1 ||     2
       Bribe Branch      |       |       |       |       |       |       |       |     1 ||     1
 Abil: Evoke Invisibilit |       |       |       |       |     1 |     2 |       |     4 ||     7
       Exsanguinate      |       |       |       |       |       |       |       |     1 ||     1
       Revivify          |       |       |       |       |       |       |       |     1 ||     1
Evoke: Wand              |       |       |     1 |       |     7 |     7 |     4 |     1 ||    20
       Phial of floods   |       |       |       |       |       |     1 |     1 |     2 ||     4
       Box of beasts     |       |       |       |       |       |     1 |       |       ||     1
       Phantom mirror    |       |       |       |       |       |     1 |       |       ||     1
       Lightning rod     |       |       |       |       |       |     7 |     8 |     3 ||    18
       Lamp of fire      |       |       |       |       |       |       |       |     1 ||     1
       Fan of gales      |       |       |       |       |       |       |       |     1 ||     1
  Use: Scroll            |     4 |     5 |    13 |     5 |     9 |    26 |    13 |     8 ||    83
       Potion            |       |       |       |       |     1 |     7 |     4 |    12 ||    24
 Stab: Sleeping          |    11 |    13 |    11 |    46 |    37 |    36 |    23 |    52 ||   229
       Distracted        |       |     2 |     4 |     7 |     8 |    32 |    27 |    26 ||   106
       Confused          |       |       |     3 |     4 |    12 |     1 |       |       ||    20
       Invisible         |       |       |       |    12 |    33 |     8 |    31 |    16 ||   100
       Held in net/web   |       |       |       |     3 |     3 |     3 |       |       ||     9
       Petrified         |       |       |       |     2 |       |       |       |       ||     2
       Paralysed         |       |       |       |       |       |       |     2 |       ||     2
Armor: Robe              |    28 |    44 |    39 |       |       |       |       |       ||   111
       Ring mail         |       |       |    41 |   149 |    66 |       |       |       ||   256
       Quicksilver drago |       |       |       |       |   211 |   643 |   553 |   708 ||  2115
Dodge: Dodged            |    78 |   135 |   162 |   317 |   619 |  1130 |   965 |  1101 ||  4507
Block: Buckler           |       |       |       |    74 |   253 |   527 |   535 |   550 ||  1939

Table legend:
 A = Non-vault XP
 B = Vault XP
 C = Vault XP percentage of total XP
 D = Non-vault monster count
 E = Vault monster count
 F = Vault count percentage of total count
                 A         B        C        D         E       F
            +---------+---------+-------+---------+---------+-------
      Total |  507927 |  588018 |  53.7 |    1399 |     908 |  39.4
            +---------+---------+-------+---------+---------+-------
        D:1 |      44 |       9 |  17.0 |      22 |       6 |  21.4
        D:2 |      97 |      13 |  11.8 |      24 |       8 |  25.0
        D:3 |     120 |      52 |  30.2 |      19 |       5 |  20.8
        D:4 |     303 |     167 |  35.5 |      19 |       1 |   5.0
        D:5 |     326 |       0 |   0.0 |      11 |       0 |   0.0
        D:6 |     838 |     261 |  23.7 |      24 |       2 |   7.7
        D:7 |     624 |    2544 |  80.3 |      21 |      13 |  38.2
        D:8 |    2879 |    2064 |  41.8 |      59 |      13 |  18.1
        D:9 |    1134 |       0 |   0.0 |      12 |       0 |   0.0
       D:10 |    5897 |     729 |  11.0 |      46 |      40 |  46.5
       D:11 |    3703 |    2008 |  35.2 |      19 |       4 |  17.4
       D:12 |    5591 |    3847 |  40.8 |      34 |      16 |  32.0
       D:13 |    7896 |   11887 |  60.1 |      37 |      13 |  26.0
       D:14 |    7578 |    6810 |  47.3 |      37 |       7 |  15.9
       D:15 |   16076 |    4236 |  20.9 |      34 |       8 |  19.0
     Lair:1 |    5288 |     143 |   2.6 |      27 |       1 |   3.6
     Lair:2 |    7877 |    1866 |  19.2 |      33 |       7 |  17.5
     Lair:3 |    6234 |     631 |   9.2 |      18 |       2 |  10.0
     Lair:4 |   11118 |    2484 |  18.3 |      27 |       9 |  25.0
     Lair:5 |    3337 |    2539 |  43.2 |      11 |       7 |  38.9
     Lair:6 |    4308 |   18386 |  81.0 |      20 |      52 |  72.2
   Shoals:1 |   16990 |       0 |   0.0 |      33 |       0 |   0.0
   Shoals:2 |   20799 |   16108 |  43.6 |      36 |      25 |  41.0
   Shoals:3 |   22828 |    2021 |   8.1 |      45 |       1 |   2.2
   Shoals:4 |    9977 |   26379 |  72.6 |      21 |      34 |  61.8
   Spider:1 |   11739 |    3383 |  22.4 |      33 |       2 |   5.7
   Spider:2 |   20174 |    3733 |  15.6 |      59 |       4 |   6.3
   Spider:3 |    9675 |    8921 |  48.0 |      27 |       6 |  18.2
   Spider:4 |   24789 |   20457 |  45.2 |      52 |      38 |  42.2
      Orc:1 |    5539 |    2795 |  33.5 |      49 |       9 |  15.5
      Orc:2 |   11079 |   15183 |  57.8 |      57 |      49 |  46.2
      Elf:1 |   18416 |   20528 |  52.7 |      33 |      24 |  42.1
      Elf:2 |   15713 |    8007 |  33.8 |      25 |      19 |  43.2
      Elf:3 |   14735 |   40769 |  73.5 |      25 |      28 |  52.8
   Vaults:1 |   26234 |   28339 |  51.9 |      50 |      49 |  49.5
   Vaults:2 |   33579 |   30392 |  47.5 |      59 |      42 |  41.6
   Vaults:3 |   40988 |   62531 |  60.4 |      69 |      60 |  46.5
   Vaults:4 |   11596 |   38969 |  77.1 |      25 |      47 |  65.3
    Crypt:1 |   35291 |       0 |   0.0 |      53 |       0 |   0.0
    Crypt:2 |   24278 |   24682 |  50.4 |      35 |      10 |  22.2
    Crypt:3 |    5475 |   59024 |  91.5 |       1 |      75 |  98.7
   Depths:1 |   22217 |   23624 |  51.5 |      39 |      38 |  49.4
   Depths:2 |   14548 |   13315 |  47.8 |      19 |       4 |  17.4
   Depths:3 |       0 |   58923 | 100.0 |       0 |      64 | 100.0
     Bailey |       0 |    2076 | 100.0 |       0 |      26 | 100.0
      IceCv |       0 |   12189 | 100.0 |       0 |      33 | 100.0
   Gauntlet |       0 |    4994 | 100.0 |       0 |       7 | 100.0
            +---------+---------+-------+---------+---------+-------
